 Dungeon Crawl Stone Soup version 0.31-a0-971-g75a2e9a4b4 (webtiles) character file.

Game seed: 18046748326035055175

977 Zdeegee the Trooper (level 7, 0/96 HPs)
             Began as a Minotaur Berserker on Oct 28, 2023.
             Was a Priest of Trog.
             Slain by an iguana (4 damage)
             ... on level 5 of the Dungeon.
             The game lasted 00:10:09 (3368 turns).

Zdeegee the Trooper (Minotaur Berserker)            Turns: 3368, Time: 00:10:10

Health: 0/96       AC: 23    Str: 30    XL:     7   Next: 95%
Magic:  8/8        EV:  2    Int:  4    God:    Trog [***...]
Gold:   180        SH:  0    Dex:  9    Spells: 6/6 levels left

rFire   . . .        a - +0 falchion
rCold   . . .        (no shield)
rNeg    . . .        l - melded +4 ring mail
rPois   +            (helmet currently unavailable)
rElec   .            (cloak currently unavailable)
rCorr   +            (gloves currently unavailable)
SInv    .            (boots currently unavailable)
Will    .....        t - amulet of faith
Stlth   +            p - ring of resist corrosion
HPRegen 0.36/turn    q - +6 ring of strength
MPRegen 0.11/turn

%: faith
@: tree-form
A: stationary, stasis, torment immunity, boosted hp, (horns 2), (retaliatory
headbutt)
a: Renounce Religion, Berserk, Trog's Hand


You were on level 5 of the Dungeon.
You worshipped Trog.
Trog was most pleased with you.
You were a tree.
You visited 1 branch of the dungeon, and saw 5 of its levels.

You collected 219 gold pieces.
You spent 39 gold pieces at shops.

Inventory:

Hand Weapons
 a - a +0 falchion (weapon)
Armour
 b - a +0 animal skin
 g - a +2 robe of fire resistance
 l - a +4 ring mail (melded)
 n - an orb of wrath
Jewellery
 e - a +6 ring of intelligence
 p - a ring of resist corrosion (left branch)
 q - a +6 ring of strength (right branch)
 t - an amulet of faith (around neck)
Talismans
 o - a flux talisman
Scrolls
 c - a scroll of vulnerability {unknown}
 d - 3 scrolls of blinking
 i - a scroll of fear {unknown}
 j - 3 scrolls of teleportation
 u - a scroll of poison {unknown}
 w - a scroll of silence {unknown}
Potions
 f - a potion of might
 h - 2 potions of magic
 k - a potion of curing
 m - a potion of cancellation {unknown}
 r - a potion of heal wounds {unknown}
 s - a potion of lignification
 v - a potion of brilliance {unknown}


   Skills:
 * Level 6.4 Fighting
 + Level 6.3 Long Blades
 * Level 5.6 Armour
 * Level 4.5 Dodging
 + Level 0.8 Stealth
 * Level 3.0 Invocations


You had 6 spell levels left.
You didn't know any spells.
Your spell library was empty.

Dungeon Overview and Level Annotations

Branches:
Dungeon (5/15)
 Temple: D:4-7

Altars:

Shops:
D:1 *   D:2 *


Innate Abilities, Weirdness & Mutations

You are a tree.
Your roots penetrate the ground, keeping you stationary.
You cannot be teleported.
You are immune to unholy pain and torment.
Your maximum health is greatly increased.
Your equipment is partially melded.
((You have a pair of horns on your head.))
((You reflexively headbutt those who attack you in melee.))


Message History

You kill the jackal!
Trog accepts your kill. The jackal closely misses you.
A jelly comes into view.
The iguana bites you.
You hit the iguana but do no damage. You headbutt the iguana!
The iguana is heavily wounded.
The jackal barely misses you. The ogre barely misses you.
The jackal closely misses you. The iguana closely misses you.
You furiously retaliate!
You headbutt the iguana.
Unknown command.
You hit the iguana.
The iguana is almost dead.
The jackal bites you but does no damage.
The ogre closely misses you. The iguana bites you!
You hit the iguana but do no damage.
The iguana is almost dead.
The jackal bites you but does no damage.
The iguana misses you.
You hit the iguana but do no damage.
The iguana is almost dead.
The jackal barely misses you. The ogre barely misses you.
The jackal barely misses you. You furiously retaliate!
You headbutt the jackal!
You kill the jackal!
Trog accepts your kill. The iguana misses you.
You closely miss the iguana.
You headbutt the iguana, but do no damage.
The iguana is almost dead.
The adder barely misses you. The iguana bites you.
The ogre hits you with a +0 giant club!
The ogre hits you with a +0 giant club!!
* * * LOW HITPOINT WARNING * * *
You are too injured to fight recklessly!
Unknown command.
You are too injured to fight recklessly!
It was a potion of lignification.
You turn into a tree.
Your +4 ring mail melds into your body.
Your roots penetrate the ground.
The adder bites you but does no damage. The iguana bites you.
You die...

..............#
.....##!..#
......†<.##
...#.##.## .##
# #..# ....#
#.## .
......#.# ...
#.#..O###...$.
#....l♣S......
#...#JO###.....
#....##.# ...
..#. #.. . P ?
... ~. ~~.
~~.♣. ~P~


You could see 2 ogres, an iguana, a jelly and an adder.

Vanquished Creatures
  Sigmund (D:2)
  An ice beast (D:5)
  2 ogres (D:4)
  A phantom (D:4)
  Blork the orc (D:4)
  A scorpion (D:4)
  A jelly (D:4)
  A hound (D:5)
  Jessica (D:2)
  3 iguanas
  Robin (D:4)
  7 gnolls
  3 adders
  A shadow imp (D:5)
  A worm (D:5)
  A dart slug (D:4)
  5 orcs (D:3)
  7 ball pythons
  3 bats
  7 endoplasms
  2 giant cockroaches
  16 goblins
  7 hobgoblins
  6 jackals
  5 kobolds
  3 quokkas
  2 frilled lizards
  7 rats
97 creatures vanquished.

Notes
Turn   | Place    | Note
-------+----------+-------------------------------------------
     0 | D:1      | Zdeegee the Minotaur Berserker began the quest for the Orb.
     0 | D:1      | Reached XP level 1. HP: 19/19 MP: 0/0
    86 | D:1      | Found Quol's General Store.
   111 | D:1      | Reached XP level 2. HP: 22/27 MP: 1/1
   111 | D:1      | Upgraded the game from 0.31-a0-968-g24f9ace8b5 to
                  | 0.31-a0-971-g75a2e9a4b4
   853 | D:2      | Noticed Sigmund
   859 | D:2      | Killed Sigmund
   860 | D:2      | Reached skill level 5 in Fighting
   860 | D:2      | Reached skill level 1 in Invocations
   860 | D:2      | Reached XP level 3. HP: 36/36 MP: 1/3
   860 | D:2      | Reached XP level 4. HP: 42/42 MP: 1/4
   860 | D:2      | Reached XP level 5. HP: 48/48 MP: 1/5
  1263 | D:2      | Noticed Jessica
  1268 | D:2      | Killed Jessica
  1392 | D:2      | Reached ** piety under Trog
  1613 | D:2      | Found Pocregg's General Store.
  1643 | D:2      | Bought a scroll of teleportation for 39 gold pieces
  2208 | D:3      | Reached XP level 6. HP: 47/56 MP: 6/6
  2275 | D:3      | Reached skill level 5 in Long Blades
  2634 | D:4      | Noticed Blork the orc
  2644 | D:4      | Killed Blork the orc
  2782 | D:4      | Noticed Robin
  2792 | D:4      | Reached XP level 7. HP: 45/62 MP: 7/7
  2803 | D:4      | Killed Robin
  2996 | D:4      | Reached skill level 5 in Armour
  3315 | D:5      | Entered Level 5 of the Dungeon
  3322 | D:5      | Reached *** piety under Trog
  3367 | D:5      | HP: 2/64 [ogre/+0 giant club (22)]
  3368 | D:5      | Slain by an iguana

Illustrated notes

Levels and vault maps discovered:
D:1:      nicolae_arrival_somewhat_less_tricky_arrival, layout_basic,
          serial_shops, shop, hangedman_abyss_or_decor_stabs
D:2:      layout_loops_corners, serial_shops, nicolae_shop_peninsula,
          kennysheep_generic_room_3, uniq_jessica, uniq_sigmund
D:3:      layout_loops_ring
D:4:      layout_rooms, uniq_blork_the_orc, uniq_robin
D:5:      cheibrodos_barr_body, layout_rooms, serial_shops, shop,
          serial_bayou_pond_b

Skill      XL: |  1  2  3  4  5  6  7 |
---------------+----------------------+-----
Fighting       | 4 5 6 |  6.4
Long Blades    | 4 5 6 |  6.3
Armour         | 3 4 5 |  5.6
Dodging        | 3 4 |  4.5
Invocations    | 1 2 3 |  3.0
Stealth        | |  0.8

Action                     |  1- 3 |  4- 6 |  7- 9 || total
---------------------------+-------+-------+-------++-------
  Melee: Falchion          |    52 |   108 |    66 ||   226
         Headbutt          |     8 |    26 |    14 ||    48
         Punch             |       |     2 |       ||     2
 Invoke: Berserk           |     1 |       |     1 ||     2
         Trog's Hand       |       |     1 |       ||     1
    Use: Scroll            |     2 |     2 |       ||     4
         Potion            |       |       |     1 ||     1
 Armour: Animal skin       |    25 |    10 |       ||    35
         Ring mail         |       |    60 |    50 ||   110
         Skin              |       |       |     2 ||     2
  Dodge: Dodged            |    35 |    68 |    51 ||   154

Table legend: (Time is in decaauts)
 A = Elapsed time spent in this place.
 B = Non-inter-level travel time spent in this place.
 C = Inter-level travel time spent in this place.
 D = Time resting spent in this place.
 E = Time spent auto-exploring this place.
 F = Levels seen in this place.
 G = Mean time per level.
                   A        B        C        D        E       F      G
               +--------+--------+--------+--------+--------+-----+--------+
         Total |   3391 |   3268 |    123 |      0 |   2614 |   5 |  678.2 |
       Dungeon |   3391 |   3268 |    123 |      0 |   2614 |   5 |  678.2 |
               +--------+--------+--------+--------+--------+-----+--------+

Top non-repeatable levels by time:
     D:2: 1063 daAuts
     D:1: 826 daAuts
     D:4: 733 daAuts
     D:3: 714 daAuts
     D:5: 52 daAuts
